 Dungeon Crawl Stone Soup version bcrawl-1.21.2-1-g32d02e0829 (webtiles) character file.

Game seed: 17183237597841384342

157858 MisterOstroum the Covert (level 17, -10/104 HPs)
             Began as a Twilight Stalker Martial Artist on Feb 17, 2020.
             Was the Champion of Wu Jian.
             Mangled by a manticore (14 damage)
             ... on level 1 of the Shoals on Feb 18, 2020.
             The game lasted 02:07:47 (26925 turns).

MisterOstroum the Covert (VSMA)                    Turns: 26925, Time: 02:07:48

Health: -10/104    AC: 19    Str: 20    XL:     17   Next: 40%
Magic:  0/39       EV: 18    Int: 11    God:    Wu Jian [******]
Gold:   2037       SH:  8    Dex: 24    Spells: 20/33 levels left

rFire    x . .     SeeInvis .   a - +1 rapier
rCold    + . .     Gourm    .   L - +1 buckler "Wakk" {+Inv}
rNeg     . . .     Faith    .   W - +3 ring mail "Ithraw" {rPois}
rPois    +         Spirit   +   Y - +2 helmet
rElec    +         Reflect  .   u - +0 cloak of Vuuph {rElec rCorr Dex+4}
rCorr    +         Harm     .   X - +2 pair of gloves
MR       +....                  V - +2 pair of boots
Stlth    +++++++++.             j - amulet of guardian spirit
HPRegen  0.67/turn              I - ring of magical power
MPRegen  0.26/turn              C - ring "Osemifiw" {Ice Str+3}

@: exhausted, lightly drained
A: fangs 3, nightstalker 3, regeneration 1, no potion heal 3, rot immunity,
draining bite, strong jaws, assimilated armour
}: 1/15 runes: gossamer
a: Wall Jump, Serpent's Lash, Heavenly Storm, Renounce Religion, Evoke
Invisibility


You were on level 1 of the Shoals.
You worshipped Wu Jian.
Wu Jian was exalted by your worship.
You were very hungry.

You visited 5 branches of the dungeon, and saw 23 of its levels.
You also visited: Sewer, Ossuary, Bailey and Gauntlet.

You collected 2625 gold pieces.
You spent 588 gold pieces at shops.

Inventory:

Hand Weapons
 a - a +1 rapier (weapon)
 b - a +0 blowgun
 c - a +0 scimitar
Missiles
 h - 4398 stones (quivered)
 v - 60 exploding tomahawks
 N - 395 poisoned needles
Armour
 u - the +0 cloak of Vuuph (worn) {rElec rCorr Dex+4}
   (You found it in a Gauntlet)

   It affects your dexterity (+4).
   It insulates you from electricity.
   It provides partial protection from all sources of acid and corrosion.
 L - the +1 buckler "Wakk" (worn) {+Inv}
   (You found it on level 6 of the Dungeon)

   It lets you turn invisible.
 V - a +2 pair of boots (worn)
 W - the +3 ring mail "Ithraw" (worn) {rPois}
   (You found it on level 8 of the Dungeon)

   It protects you from poison.
 X - a +2 pair of gloves (worn)
 Y - a +2 helmet (worn)
Jewellery
 i - an uncursed ring of protection from fire
 j - an amulet of guardian spirit (around neck)
 k - a +4 ring of slaying
 C - the ring "Osemifiw" (right hand) {Ice Str+3}
   (You found it on level 1 of the Lair of Beasts)

   [ring of ice]

   It enhances your ice magic.
   It affects your strength (+3).
   It makes you vulnerable to fire.
   It protects you from cold.
 I - a ring of magical power (left hand)
 Q - the ring "Rebbufob" {*Drain rC+ rN+ MR++}
   (You bought it in a shop in the Orcish Mines)

   [ring of positive energy]

   It protects you from cold.
   It protects you from negative energy.
   It affects your resistance to hostile enchantments.
   It causes draining when unequipped.
Wands
 l - a wand of paralysis (6)
 q - a wand of acid (17)
 y - a wand of enslavement (12)
 A - a wand of iceblast (13)
 B - a wand of clouds (2)
 E - a wand of flame (85)
 J - a wand of random effects (21)
 K - a wand of disintegration (19)
 S - a wand of polymorph (26)
Scrolls
 f - a scroll of fear {!r}
 m - 2 scrolls of blinking {@r4}
 n - 5 scrolls of enchant weapon
 p - 5 scrolls of fog {!r}
 D - a scroll of silence
 H - 12 scrolls of remove curse {@r2}
 O - 7 scrolls of teleportation
 Z - a scroll of summoning
Potions
 d - a potion of haste {@q4 !q}
 g - 8 potions of curing {@q1 !q}
 r - 4 potions of magic
 s - 2 potions of cancellation
 t - a potion of invisibility
 w - a potion of brilliance
 x - 6 potions of flight
 z - 3 potions of lignification
 F - 2 potions of berserk rage
 M - 4 potions of agility {@q5 !q}
 P - 5 potions of might {@q3 !q}
 U - 9 potions of mutation
Miscellaneous
 o - 3 phantom mirrors
 T - a lamp of fire
Comestibles
 e - 48 rations {!d}


   Skills:
 * Level 11.4(11.1) Fighting
 - Level 14.0(13.6) Short Blades
 - Level 0.3(9.0) Long Blades
 - Level 4.9(4.6) Armour
 + Level 8.6(8.3) Dodging
 + Level 14.9(14.5) Stealth
 - Level 5.4(5.1) Shields
 - Level 4.0(3.7) Unarmed Combat
 * Level 8.8(8.6) Spellcasting
 - Level 6.7(6.5) Hexes
 - Level 7.0(6.7) Charms
 * Level 9.3(9.0) Necromancy
 - Level 5.4(5.1) Ice Magic
 + Level 9.3(9.0) Evocations


You had 20 spell levels left.
You knew the following spells:

 Your Spells              Type           Power        Failure   Level  Hunger
a - Infusion              Chrm           ###.....     1%          1    None
b - Ozocubu's Armour      Chrm/Ice       ####....     6%          3    ##.....
c - Vampiric Draining     Necr           ###.......   1%          3    ##.....
d - Spectral Weapon       Hex/Chrm       ###.....     4%          3    ##.....
H - Regeneration          Chrm/Necr      ###.......   2%          3    ##.....

Your spell library contained the following spells:

 Spells                   Type           Power        Failure   Level  Hunger
 Animate Skeleton         Necr           N/A          1%          1    None
 Corona                   Hex            ###....      1%          1    None
 Pain                     Necr           ###...       1%          1    None
 Slow                     Hex            ###.....     1%          1    None
 Shackle                  Hex            ###.....     2%          2    #......
 Song of Slaying          Chrm           ###.....     2%          2    #......
 Animate Dead             Necr           N/A          6%          4    ####...
 Flaming Arrows           Chrm/Fire      ##......     9%          2    #......
 Cause Fear               Hex            ###.......   17%         4    ####...
 False Image              Hex/Summ       ##......     19%         3    ##.....
 Inner Flame              Hex/Fire       N/A          19%         3    ##.....
 Apportation              Tloc           #.....       24%         1    None
 Flame Tongue             Conj/Fire      #....        24%         1    None
 Magic Dart               Conj           #...         24%         1    None
 Sandblast                Erth           #.....       24%         1    None
 Summon Butterflies       Summ           #.......     24%         1    None
 Searing Ray              Conj           #.......     36%         2    #......
 Fulminant Prism          Conj/Hex       ##........   54%         4    ####...
 Yara's Violent Unravell  Hex/Tmut       ##........   54%         4    ####...
 Conjure Flame            Conj/Fire      #.......     58%         3    ##.....
 Iskenderun's Mystic Bla  Conj           #.......     58%         3    ##.....
 Bolt of Draining         Conj/Necr      ##........   71%         5    ######.
 Sticky Flame             Conj/Fire      #.......     94%         4    ####...
 Fireball                 Conj/Fire      #.........   100%        5    ######.
 Irradiate                Conj/Tmut      #.........   100%        5    ######.


Dungeon Overview and Level Annotations

Branches:
Dungeon (12/12)            Temple (0/1) D:4            Lair (6/6) D:9
 Shoals (1/3) Lair:2       Spider (3/3) Lair:3        Slime (0/5) Lair:5
    Orc (1/1) D:8             Elf (0/3) Orc          Vaults (0/3) D:12
 Depths (0/5) D:12

Altars:
Ashenzari
Cheibriados
Fedhas
Hepliaklqana
Lugonu
Makhleb
Okawaru
Qazlal
Ru
Trog
Uskayaw
Vehumet
Xom
Yredelemnul
Zin
The Shining One
Jiyva

Shops:
Orc =(((

Annotations:
D:4 3 runed translucent doors, nione's ghost, amateur CeHu
D:8 Blork the orc
Lair:2 exclusion: oklob plant
Lair:5 2 runed doors, exclusions: acid blob and 2 doors


Innate Abilities, Weirdness & Mutations

You have razor-sharp teeth.
You are completely attuned to the shadows.
Your natural rate of healing is unusually fast.
Potions cannot restore your health.
You are immune to rotting.
Your bite drains your enemy's life force.
Your bites deal extra damage.
Your stealth is less affected by armour.


Message History

You feel your power leaking away.
Press: ? - help, v - describe, . - travel, g - get item
Here: a merfolk impaler, wielding a +3 antimagic trident and wearing a +0 leather armour (heavily wounded, lightly drained)
A +0 trident.
There is something else lying underneath.
The floor, spattered with blood.
You closely miss the merfolk. Your bite misses the merfolk.
The merfolk is almost dead.
Unknown command.
Unknown command.
You puncture the merfolk!
You kill the merfolk!
The Council accepts your kill. The merfolk impaler misses you.
You hit the merfolk impaler. You bite the merfolk impaler!
The merfolk impaler is severely wounded.
The merfolk impaler hits you with a +3 antimagic trident.
You feel your power leaking away.
You puncture the merfolk impaler! Your bite misses the merfolk impaler.
The merfolk impaler is severely wounded.
The merfolk impaler hits you with a +3 antimagic trident.
You feel your power leaking away.
You closely miss the merfolk impaler. You bite the merfolk impaler.
Your bite drains the merfolk impaler!
The merfolk impaler is almost dead.
Casting: Regeneration (safe; 2% risk of failure)
Confirm with . or Enter, or press ? or * to list all spells.
You don't know that spell.
Drop what? 50/52 slots (_ for help) (? for menu, Esc to quit)
Okay, then.
Unknown command.
Casting: Regeneration (safe; 2% risk of failure)
Confirm with . or Enter, or press ? or * to list all spells.
Okay, then.
Unknown command.
Casting: Regeneration (safe; 2% risk of failure)
Confirm with . or Enter, or press ? or * to list all spells.
You draw out your weapon's spirit!
The merfolk impaler hits you with a +3 antimagic trident!
You block the alligator snapping turtle's attack.
The merfolk impaler hits you but does no damage.
You hit the merfolk impaler.
You bite the merfolk impaler, but do no damage.
The merfolk impaler is almost dead.
The merfolk impaler hits you with a +3 antimagic trident!
The alligator snapping turtle bites you from afar!
You closely miss the merfolk impaler. Your bite misses the merfolk impaler.
The merfolk impaler is almost dead.
Your spectral weapon misses the merfolk impaler.
You block the merfolk impaler's attack.
You hit the merfolk impaler. Your bite misses the merfolk impaler.
The merfolk impaler is almost dead.
Your spectral weapon hits the merfolk impaler!
You kill the merfolk impaler!
The Council accepts your kill.
You lunge at the alligator snapping turtle, in a flurry of attacks.
You puncture the alligator snapping turtle!
You bite the alligator snapping turtle, but do no damage.
The alligator snapping turtle is lightly wounded.
You puncture the alligator snapping turtle!
You bite the alligator snapping turtle, but do no damage.
The alligator snapping turtle is lightly wounded.
The alligator snapping turtle bites you!!!
* * * LOW HITPOINT WARNING * * *
Items here: ( )) [ a +3 antimagic trident; a +0 leather armour; a +0 trident a throwing net {!f!f} You completely miss the alligator snapping turtle.
You bite the alligator snapping turtle.
Your bite drains the alligator snapping turtle!
The alligator snapping turtle is moderately wounded.
Your spectral weapon hits the alligator snapping turtle but does no damage.
The alligator snapping turtle bites you.
* * * LOW HITPOINT WARNING * * *
Things that are here:
a +0 trident; a throwing net {!f!f}; a merfolk corpse You block the manticore's attack.
The manticore closely misses you. The manticore claws you.
* * * LOW HITPOINT WARNING * * *
Okay, then.
Unknown command.
Unknown command.
Your muscles tense, ready for explosive movement...
You lunge with incredible momentum at the alligator snapping turtle, in a flurry of attacks.
You puncture the alligator snapping turtle!
You bite the alligator snapping turtle.
Your bite drains the alligator snapping turtle!
The alligator snapping turtle is moderately wounded.
You hit the alligator snapping turtle but do no damage.
You bite the alligator snapping turtle, but do no damage.
The alligator snapping turtle is moderately wounded.
You feel drained.
Your supernatural speed expires.
You spin and attack the manticore repeatedly.
You hit the manticore but do no damage. You bite the manticore.
Your bite drains the manticore!
The manticore is lightly wounded.
You hit the manticore but do no damage. Your bite misses the manticore.
The manticore is lightly wounded.
The manticore bites you!
You die...

≈≈≈≈≈≈≈≈≈≈≈.
≈≈≈≈.≈≈≈≈≈.#
≈≈≈≈≈≈≈....# ####
≈.≈≈≈≈≈..### ##..##
PP>.≈.≈≈≈..# ##....#
....≈≈≈≈≈≈≈.###.....#
≈≈...≈..≈≈≈≈))).....##..
PPP..≈.......)...≈..# #.
..≈≈...≈≈H@.##).≈≈.≈....
..≈......☼(###..≈≈≈≈≈...
≈........☼..# #≈≈≈≈≈≈...
≈≈≈...#.t.....≈≈≈≈≈≈≈≈
≈≈≈...#.....≈≈≈≈≈≈..≈
≈≈≈...)..≈..≈≈≈
≈≈...)#.....≈≈
..≈.........≈
≈≈≈...>.....


You could see an alligator snapping turtle, a manticore and a friendly spectral
+1 rapier.

Vanquished Creatures
  Jorgrun (D:12)
  4 ghost moths (Spider:3)
  3 emperor scorpions (Spider:3)
  An ironheart preserver (D:12)
  An entropy weaver (Spider:2)
  3 spark wasps
  A minotaur (Gauntlet)
  2 merfolk impalers (Shoals:1)
  5 centaur warriors
  7 hydras
  A catoblepas (Lair:6)
  A deep troll shaman (Lair:6)
  11 two-headed ogres
  16 death yaks
  3 tengu warriors
  2 ogre magi (Orc)
  An orc high priest (Orc)
  A skeletal warrior (D:12)
  3 deep trolls
  A deep elf archer (D:12)
  3 cyclopes
  18 orb spiders
  4 ugly things
  2 wolf spider zombies
  2 deep elf magi
  3 fauns (Shoals:1)
  An orc knight (D:12)
  23 wolf spiders
  An orc sorcerer (Orc)
  2 moths of wrath
  2 manticores
  16 elephants
  2 rust devils (D:5)
  3 torpor snails
  A torpor snail (shapeshifter) (D:12)
  10 cane toads
  A centaur skeleton (D:10)
  2 rime drakes
  A kobold demonologist (D:12)
  3 tengu conjurers
  5 komodo dragons
  9 demonic crawlers
  A meliai (D:10)
  29 jumping spiders
  15 trolls
  8 hornets
  2 merfolk (Shoals:1)
  12 slime creatures
  2 polar bears
  Grinder (D:3)
  9 hippogriffs
  A meliai zombie (D:11)
  14 blink frogs
  Sigmund (D:2)
  2 centaur simulacra
  A wraith (D:12)
  A water elemental (Shoals:1)
  18 tarantellas
  A vampire (D:11)
  55 redbacks
  A neqoxec (Gauntlet)
  43 yaks
  4 basilisks
  A chaos spawn (Gauntlet)
  3 wyverns
  2 hungry ghosts
  4 vampire mosquitoes (D:12)
  A warg (Orc)
  5 swamp worms (Lair:2)
  2 acid dragons (D:12)
  11 crocodiles
  3 soldier ants (D:12)
  11 water moccasins
  14 porcupines
  A hornet zombie (D:8)
  19 orc warriors
  3 sky beasts
  A necrophage (D:7)
  A black bear (D:9)
  4 ice beasts
  A phantom (D:4)
  An eye of draining (shapeshifter) (D:12)
  27 ogres
  3 eyes of draining
  6 wolves
  24 centaurs
  8 bullfrogs
  4 big kobolds
  2 water moccasin zombies (Ossuary)
  2 jellies
  2 scorpions
  6 killer bees (D:8)
  5 wights (D:9)
  4 electric eels (Lair:3)
  3 howler monkeys
  3 crimson imps
  A quasit (D:9)
  3 hounds
  9 orc priests
  2 bullfrog skeletons
  Jessica (D:2)
  6 iguanas
  Terence (D:3)
  10 orc wizards
  12 worker ants
  2 big kobold zombies (Ossuary)
  A bullfrog simulacrum (D:8)
  2 hound skeletons (D:4)
  4 mummies
  17 adders
  3 shadow imps
  An ufetubus (D:8)
  3 adder skeletons
  5 adder zombies (Ossuary)
  6 worms
  A dart slug (D:2)
  3 leopard geckos
  54 orcs
  A bat (D:1)
  4 giant cockroaches
  A gnoll zombie (Ossuary)
  8 goblins
  9 hobgoblins
  8 jackals
  26 kobolds
  4 quokkas
  5 ball pythons
  3 frilled lizards (Sewer)
  4 hobgoblin zombies
  7 kobold zombies (Ossuary)
  A leopard gecko skeleton (D:4)
  4 orc zombies
  5 rats
  4 plants (Sewer)
831 creatures vanquished.

Vanquished Creatures (collateral kills)
  A wolf spider (Spider:3)
  2 redbacks (Spider:3)
3 creatures vanquished.

Vanquished Creatures (others)
  A spark wasp (Spider:3)
  A jumping spider (Spider:3)
  2 redbacks
  A sky beast (D:12)
  A big kobold zombie (Ossuary)
  A hobgoblin zombie (Ossuary)
  An orc zombie (Ossuary)
  A fungus (Lair:2)
  14 plants
  2 spectral weapons
25 creatures vanquished.

Grand Total: 859 creatures vanquished

Notes
Turn   | Place    | Note
-------+----------+-------------------------------------------
     0 | D:1      | MisterOstroum the Vine Stalker Martial Artist began the
                  | quest for the Orb.
     0 | D:1      | Reached XP level 1. HP: 13/13 MP: 3/3
   186 | D:1      | Reached XP level 2. HP: 18/18 MP: 4/4
   588 | D:1      | Reached skill level 1 in Short Blades
   655 | D:2      | Reached XP level 3. HP: 23/23 MP: 3/5
   708 | D:2      | Noticed Sigmund
   787 | D:2      | Reached ** piety under Wu Jian
   980 | D:2      | Found an iron altar of Okawaru.
  1106 | D:2      | Noticed Jessica
  1108 | D:2      | Killed Jessica
  1108 | D:2      | Reached XP level 4. HP: 28/28 MP: 6/6
  1184 | D:3      | Noticed Grinder
  1227 | D:3      | Found a hazy altar of Hepliaklqana.
  1383 | D:3      | Found a sacrificial altar of Ru.
  1413 | D:3      | Noticed a bullfrog
  1466 | D:3      | Noticed Terence
  1900 | D:4      | Noticed a phantom
  1924 | D:4      | Found a runed translucent gate.
  1925 | D:4      | Found a sand-covered staircase.
  1928 | D:4      | Found a runed translucent gate.
  1929 | D:4      | Found a runed translucent gate.
  1937 | Ossuary  | Entered an ossuary
  1981 | Ossuary  | Reached XP level 5. HP: 27/32 MP: 5/7
  2027 | Ossuary  | Gained mutation: You have razor-sharp teeth. [Vine Stalker
                  | growth]
  2027 | Ossuary  | Reached XP level 6. HP: 13/38 MP: 1/8
  2185 | Ossuary  | Reached *** piety under Wu Jian
  2451 | D:4      | Noticed nione's ghost (amateur CeHu)
  2588 | D:4      | Killed a phantom
  2588 | D:4      | Reached XP level 7. HP: 28/43 MP: 6/9
  2717 | D:4      | Noticed a hippogriff
  2757 | D:4      | Found a stormy altar of Qazlal.
  2866 | D:4      | Found a staircase to the Ecumenical Temple.
  3545 | D:5      | Entered Level 5 of the Dungeon
  3570 | D:5      | Reached skill level 5 in Stealth
  4236 | D:5      | Found a corrupted altar of Lugonu.
  4874 | D:5      | Found a glowing silver altar of Zin.
  5064 | D:6      | Gained mutation: Your bite drains your enemy's life force.
                  | [Twilight Stalker growth]
  5064 | D:6      | Gained mutation: Your stealth is less affected by armour.
                  | [Twilight Stalker growth]
  5064 | D:6      | Gained mutation: You are slightly more attuned to the
                  | shadows. [Twilight Stalker growth]
  5064 | D:6      | Reached XP level 8. HP: 44/48 MP: 9/11
  5135 | D:6      | Got a spiked buckler
  5137 | D:6      | Identified the +1 buckler "Wakk" {+Inv} (You found it on
                  | level 6 of the Dungeon)
  5146 | D:6      | Found a glowing drain.
  5171 | Sewer    | Entered a sewer
  5332 | Sewer    | Reached skill level 5 in Fighting
  5963 | D:6      | Found a basalt altar of Yredelemnul.
  5978 | D:6      | Reached skill level 5 in Short Blades
  5980 | D:6      | Reached **** piety under Wu Jian
  6076 | D:6      | Reached skill level 1 in Shields
  6076 | D:6      | Reached skill level 1 in Evocations
  6229 | D:6      | Found a blossoming altar of Fedhas.
  6310 | D:6      | Found a shimmering altar of Xom.
  6352 | D:6      | Found a hide-covered altar of Uskayaw.
  6411 | D:5      | Noticed a rust devil
  6411 | D:5      | Noticed a rust devil
  6416 | D:5      | Got a brightly glowing war axe
  6419 | D:5      | Reached XP level 9. HP: 55/55 MP: 10/12
  6498 | D:5      | Killed a rust devil
  6504 | D:5      | Killed a rust devil
  7041 | D:7      | Learned a level 3 spell: Regeneration
  7193 | D:7      | Reached skill level 1 in Necromancy
  7312 | D:7      | Reached skill level 1 in Charms
  7469 | D:7      | Reached XP level 10. HP: 61/61 MP: 13/13
  7574 | D:7      | Found a glowing golden altar of the Shining One.
  8141 | D:3      | Killed Grinder
  8197 | D:3      | Killed Terence
  8292 | D:2      | Killed Sigmund
  8761 | D:8      | Found a staircase to the Orcish Mines.
  8805 | D:8      | Found a snail-covered altar of Cheibriados.
  8993 | D:8      | Got a pitted ring mail
  9130 | D:8      | Found a radiant altar of Vehumet.
  9262 | D:8      | Reached XP level 11. HP: 69/69 MP: 11/14
  9262 | D:8      | Reached skill level 5 in Necromancy
  9351 | D:8      | Noticed Blork the orc
  9498 | D:8      | Found a shattered altar of Ashenzari.
  9834 | D:9      | Found a bloodstained altar of Trog.
  9916 | D:9      | Reached skill level 5 in Charms
  9920 | D:9      | Found a staircase to the Lair.
 10303 | D:10     | Entered Level 10 of the Dungeon
 10373 | D:10     | Identified the +3 ring mail "Ithraw" {rPois} (You found it
                  | on level 8 of the Dungeon)
 10433 | D:10     | Noticed a cyclops
 10458 | D:10     | Noticed a two-headed ogre
 10465 | D:10     | Killed a two-headed ogre
 10567 | D:10     | Noticed a two-headed ogre
 10569 | D:10     | Noticed a green ugly thing
 10572 | D:10     | Noticed a tengu warrior
 10609 | Lair:1   | Entered Level 1 of the Lair of Beasts
 10699 | Lair:1   | Gained mutation: You are significantly more attuned to the
                  | shadows. [Twilight Stalker growth]
 10699 | Lair:1   | Reached XP level 12. HP: 77/77 MP: 15/15
 10703 | Lair:1   | Reached skill level 1 in Armour
 11117 | Lair:1   | Got a faintly glowing amber ring
 11382 | Lair:1   | Identified the ring "Osemifiw" {Ice Str+3} (You found it on
                  | level 1 of the Lair of Beasts)
 11419 | Lair:2   | Found a staircase to the Shoals.
 11538 | Lair:2   | Reached skill level 10 in Short Blades
 11554 | Lair:2   | Reached skill level 10 in Fighting
 11556 | Lair:2   | Reached ***** piety under Wu Jian
 11619 | Lair:2   | Noticed a six-headed hydra
 11634 | Lair:2   | Killed a six-headed hydra
 11818 | Lair:2   | Noticed a death yak
 11819 | Lair:2   | Noticed a death yak
 11819 | Lair:2   | Noticed a death yak
 11852 | Lair:2   | Noticed a death yak
 11858 | Lair:2   | Killed a death yak
 11881 | Lair:2   | Killed a death yak
 11892 | Lair:2   | Killed a death yak
 11892 | Lair:2   | Reached skill level 10 in Stealth
 11892 | Lair:2   | Reached skill level 5 in Evocations
 11894 | Lair:2   | Killed a death yak
 11902 | Lair:2   | Learned a level 1 spell: Infusion
 11906 | Lair:2   | Learned a level 3 spell: Vampiric Draining
 12263 | Lair:2   | Noticed a four-headed hydra
 12264 | Lair:2   | Killed a four-headed hydra
 12437 | Lair:2   | Reached XP level 13. HP: 66/82 MP: 14/18
 12845 | Lair:3   | Reached skill level 5 in Dodging
 12901 | Lair:3   | Learned a level 3 spell: Ozocubu's Armour
 13015 | Lair:3   | Found a hole to the Spider Nest.
 13050 | Lair:3   | Reached skill level 1 in Ice Magic
 14988 | Lair:5   | Found a burning altar of Makhleb.
 14993 | Lair:5   | Found a runed door.
 15051 | Lair:5   | Reached skill level 5 in Ice Magic
 15055 | Lair:5   | Reached skill level 5 in Spellcasting
 15421 | Lair:5   | Reached ****** piety under Wu Jian
 15421 | Lair:5   | Reached XP level 14. HP: 70/88 MP: 12/22
 15879 | Lair:5   | Found a runed door.
 15880 | Lair:5   | Found a viscous altar of Jiyva.
 15881 | Lair:5   | Found a staircase to the Slime Pits.
 15881 | Lair:5   | Noticed an acid blob
 16036 | Lair:6   | Entered Level 6 of the Lair of Beasts
 17851 | D:11     | Found a gate leading to a gauntlet.
 17865 | Gauntlet | Entered a Gauntlet
 17865 | Gauntlet | Found a transporter.
 17883 | Gauntlet | Found a transporter.
 17891 | Gauntlet | Found a transporter.
 17896 | Gauntlet | Found a transporter.
 17918 | Gauntlet | Found a transporter.
 17937 | Gauntlet | Found a transporter.
 17949 | Gauntlet | Found a transporter.
 17949 | Gauntlet | Noticed a reaper
 17961 | Gauntlet | Found a transporter.
 17973 | Gauntlet | Found a transporter.
 18004 | Gauntlet | Found a transporter.
 18004 | Gauntlet | Noticed a cacodemon
 18026 | Gauntlet | Found a transporter.
 18038 | Gauntlet | Found a transporter.
 18040 | Gauntlet | Found a transporter.
 18067 | Gauntlet | Found a transporter.
 18091 | Gauntlet | Found a transporter.
 18207 | Gauntlet | Found a transporter.
 18354 | Gauntlet | Learned a level 3 spell: Spectral Weapon
 18376 | Gauntlet | Found a transporter.
 18535 | Gauntlet | Got a slimy cloak
 18547 | Gauntlet | Identified the +0 cloak of Vuuph {rElec rCorr Dex+4} (You
                  | found it in a Gauntlet)
 19053 | D:11     | Reached XP level 15. HP: 92/92 MP: 24/24
 19695 | D:12     | Entered Level 12 of the Dungeon
 19798 | D:12     | Found a flagged portal.
 19808 | Bailey   | Entered a bailey
 21422 | D:12     | Noticed Jorgrun
 21503 | D:12     | Killed Jorgrun
 21584 | D:12     | Reached skill level 5 in Hexes
 21624 | D:12     | Found a gate to the Vaults.
 21883 | D:12     | Found a staircase to the Depths.
 22114 | Orc      | Entered the Orcish Mines
 22312 | Orc      | Found a staircase to the Elven Halls.
 22536 | Orc      | Found Xodi Ine's Weapon Emporium.
 22940 | Orc      | Gained mutation: You are completely attuned to the shadows.
                  | [Twilight Stalker growth]
 22940 | Orc      | Reached XP level 16. HP: 93/98 MP: 20/27
 23032 | Orc      | Found Toetic's Jewellery Shoppe.
 23111 | Orc      | Found Sutuat's Weapon Shoppe.
 23111 | Orc      | Found Kuanur Bixi's Antique Weapon Boutique.
 23142 | Orc      | Bought the ring "Rebbufob" {*Drain rC+ rN+ MR++} for 588
                  | gold pieces
 23475 | Spider:1 | Entered Level 1 of the Spider Nest
 24026 | Spider:2 | Reached skill level 5 in Shields
 24666 | Spider:3 | Entered Level 3 of the Spider Nest
 25849 | Spider:3 | Reached XP level 17. HP: 68/104 MP: 25/30
 26476 | Spider:3 | Got a gossamer rune of Zot
 26825 | Shoals:1 | Entered Level 1 of the Shoals
 26918 | Shoals:1 | HP: 5/104 [alligator snapping turtle (35)]
 26919 | Shoals:1 | HP: 1/104 [alligator snapping turtle (5)]
 26924 | Shoals:1 | HP: 3/104 [manticore (1)]
 26925 | Shoals:1 | Mangled by a manticore

Skill      XL: |  1  2  3  4  5  6  7  8  9 10 11 12 13 14 15 16 17 |
---------------+----------------------------------------------------+-----
Stealth        | 2 3 4 5 6 7 10 12 13 14 | 14.9
Fighting       | 3 4 5 6 8 9 10 11 | 11.4
Short Blades   | 1 2 3 4 5 6 8 9 10 12 14 | 14.0
Dodging        | 4 5 7 8 |  8.6
Shields        | 1 3 4 5 |  5.4
Evocations     | 1 2 3 5 6 7 8 9 |  9.3
Necromancy     | 2 4 6 7 9 |  9.3
Charms         | 1 4 5 7 |  7.0
Armour         | 2 4 |  4.9
Spellcasting   | 3 5 7 8 |  8.8
Ice Magic      | 5 |  5.4
Hexes          | 2 6 |  6.7
Long Blades    | |  0.3
Unarmed Combat | |  4.0

Action                   |  1- 3 |  4- 6 |  7- 9 | 10-12 | 13-15 | 16-18 || total
-------------------------+-------+-------+-------+-------+-------+-------++-------
Melee: Unarmed           |    91 |       |       |       |       |       ||    91
       Bite              |    13 |    23 |    77 |   181 |   449 |   283 ||  1026
       Rapier            |     8 |   175 |   321 |   484 |  1005 |   704 ||  2697
       Punch             |     2 |     5 |     4 |       |       |       ||    11
       Dagger            |       |    23 |       |       |       |       ||    23
       Short sword       |       |    13 |       |       |       |       ||    13
 Fire: Blowgun           |       |       |     5 |     3 |    12 |       ||    20
Throw: Stone             |     4 |    23 |    22 |     9 |     4 |    10 ||    72
       Javelin           |       |       |       |       |     2 |       ||     2
 Cast: Confusing Touch   |     2 |       |       |       |       |       ||     2
       Regeneration      |       |       |       |     4 |    14 |    15 ||    33
       Ozocubu's Armour  |       |       |       |       |    12 |     2 ||    14
       Infusion          |       |       |       |       |     1 |       ||     1
       Spectral Weapon   |       |       |       |       |     4 |     3 ||     7
Invok: Lunge             |    13 |    25 |    41 |    47 |    85 |    63 ||   274
       Whirlwind         |     5 |    96 |    68 |   165 |   196 |   200 ||   730
       Heavenly Storm    |       |       |       |     5 |     3 |     5 ||    13
 Abil: Serpent's Lash    |       |     3 |     5 |     6 |     7 |     8 ||    29
       Wall Jump         |       |     4 |     2 |     1 |     2 |       ||     9
       Evoke Invisibilit |       |       |     3 |     2 |     5 |     2 ||    12
Evoke: Wand              |       |       |     1 |     4 |    11 |     7 ||    23
       Lamp of fire      |       |       |       |       |     1 |       ||     1
  Use: Potion            |       |     2 |       |       |     2 |     1 ||     5
       Scroll            |       |     1 |     2 |     2 |    23 |     5 ||    33
 Stab: Sleeping          |     6 |     4 |    14 |    30 |    82 |    38 ||   174
       Distracted        |       |       |     1 |     3 |     8 |     7 ||    19
       Invisible         |       |       |     3 |       |    18 |     4 ||    25
       Petrified         |       |       |       |       |     3 |       ||     3
       Paralysed         |       |       |       |       |     2 |     1 ||     3
       Petrifying        |       |       |       |       |     2 |       ||     2
  Eat: Chunk             |     1 |     2 |    17 |    18 |    36 |    12 ||    86
       Ration            |       |     1 |       |       |     1 |     1 ||     3
Armor: Robe              |     6 |    13 |     6 |       |       |       ||    25
       Leather armour    |       |       |    11 |       |       |       ||    11
       Ring mail         |       |       |       |    66 |   174 |   196 ||   436
Dodge: Dodged            |    41 |    98 |   124 |   148 |   254 |   311 ||   976
Block: Buckler           |       |       |    21 |    89 |   142 |   160 ||   412
